 Dungeon Crawl Stone Soup version 0.22.1-6-g1668fe2 (webtiles) character file.

57 brainwave the Skirmisher (level 3, -1/34 HPs)
             Began as a Minotaur Berserker on Jan 29, 2019.
             Was a Believer of Trog.
             Slain by a gnoll
             ... wielding a +0 spear
              (3 damage)
             ... on level 2 of the Dungeon.
             The game lasted 00:08:45 (1792 turns).

brainwave the Skirmisher (Minotaur Berserker)       Turns: 1792, Time: 00:08:46

Health: -1/34      AC:  6    Str: 22    XL:     3   Next: 73%
Magic:  2/2        EV: 11    Int:  4    God:    Trog [**....]
Gold:   90         SH:  0    Dex:  9    Spells: 2/2 levels left

rFire    . . .     SeeInvis .   a - +0 hand axe
rCold    . . .     Gourm    .   (no shield)
rNeg     . . .     Faith    .   i - +1 ring mail
rPois    .         Spirit   .   (helmet restricted)
rElec    .         Reflect  .   (no cloak)
rCorr    .         Harm     .   (no gloves)
MR       .....                  (no boots)
Stlth    ..........             (no amulet)
HPRegen  0.11/turn              (no ring)
MPRegen  0.08/turn              (no ring)

@: berserk cooldown, slowed, very slow
A: retaliatory headbutt, horns 2
a: Berserk, Trog's Hand, Renounce Religion


You were on level 2 of the Dungeon.
You worshipped Trog.
Trog was pleased with you.
You were not hungry.

You visited 1 branch of the dungeon, and saw 2 of its levels.

You collected 90 gold pieces.

Inventory:

Hand Weapons
 a - a +0 hand axe (weapon)
Armour
 b - a +0 animal skin
 i - a +1 ring mail (worn)
 n - a +0 buckler
 r - a +0 scale mail
Scrolls
 e - a scroll of enchant armour
 f - a scroll of remove curse {unknown}
 k - a scroll of teleportation {unknown}
 l - a scroll of identify {unknown}
 q - a scroll of immolation {unknown}
Potions
 d - a potion of haste
 g - a potion of curing
 j - a potion of lignification {unknown}
 m - a potion of agility {unknown}
 o - a potion of ambrosia {unknown}
 p - a potion of resistance {unknown}
Comestibles
 c - 3 rations


   Skills:
 + Level 4.6 Fighting
 + Level 4.5 Axes
 + Level 3.0 Armour
 + Level 2.3 Dodging


You had 2 spell levels left.
You didn't know any spells.
Your spell library was empty.

Dungeon Overview and Level Annotations

Branches:
Dungeon (2/15)

Altars:


Innate Abilities, Weirdness & Mutations

You reflexively headbutt those who attack you in melee.
You have a pair of horns on your head.


Message History

A red film seems to cover your vision as you go berserk!
You feel yourself moving faster!
You feel mighty! The gnoll closely misses you.
You feel a strong urge to attack something.
There are monsters nearby!
Unknown command.
There are monsters nearby!
The gnoll hits you from afar with a spear.
* * * LOW HITPOINT WARNING * * *
You feel your anger nearly subside.
You are no longer berserk.
You are exhausted.
You feel yourself slow down. The gnoll closely misses you. x2
The gnoll hits you from afar with a spear.
* * * LOW HITPOINT WARNING * * *
The gnoll hits you with a spear.
* * * LOW HITPOINT WARNING * * *
The gnoll hits you from afar with a spear.
* * * LOW HITPOINT WARNING * * *
You barely miss the gnoll. The gnoll hits you with a spear.
You die...

#.####..#####.#...##......
#..# #.#...#####... #..#
###.#...# #... #..#
#.......# ###.
#..###.......#######.
#....................
######...............
.#########...............
........@gg..############
##############


You could see 2 gnolls.

Vanquished Creatures
  2 gnolls (D:2)
  2 oozes (D:1)
  A worm (D:2)
  A dart slug (D:1)
  A leopard gecko (D:1)
  4 bats
  2 giant cockroaches (D:2)
  A goblin (D:1)
  5 hobgoblins
  A kobold (D:1)
  3 frilled lizards
  A rat (D:1)
  9 plants (D:1)
33 creatures vanquished.

Notes
Turn   | Place    | Note
-------+----------+-------------------------------------------
     0 | D:1      | brainwave the Minotaur Berserker began the quest for the
                  | Orb.
     0 | D:1      | Reached XP level 1. HP: 19/19 MP: 0/0
   211 | D:1      | Reached XP level 2. HP: 21/27 MP: 1/1
  1394 | D:2      | Reached XP level 3. HP: 22/34 MP: 2/2
  1399 | D:2      | Reached ** piety under Trog
  1743 | D:2      | HP: 1/34 [gnoll/spear (5)]
  1791 | D:2      | HP: 1/34 [gnoll/spear (2)]
  1792 | D:2      | Slain by a gnoll

Skill      XL: |  1  2  3 |
---------------+----------+-----
Axes           | 4 |  4.5
Fighting       | 4 |  4.6
Armour         | 3 |  3.0
Dodging        | |  2.3

Action                   || total
-------------------------++-------
Melee: Hand axe          ||   333
       Headbutt          ||    96
  Use: Scroll            ||     1
       Potion            ||     3
  Eat: Ration            ||     1
Armor: Animal skin       ||     3
       Ring mail         ||    23
Dodge: Dodged            ||    39
